Devils vs Sabres
Created - January 30, 2025 at 22:23
Goals
|
| Devils |
3 |
0 |
2 |
5 |
| Sabres |
1 |
1 |
1 |
3 |
|
Shots
|
| Devils |
14 |
3 |
13 |
30 |
| Sabres |
13 |
7 |
11 |
31 |
|
1st period
1. Devils , Tyler Ennis 15 (Nazem Kadri 22, Kristopher Letang 10) at 2:39
2. Devils , Sven Baertschi 6 (Sam Bennett 11) at 3:48
3. Sabres , Artemi Panarin 21 (Mika Zibanejad 36, Mathew Dumba 15) at 4:01
4. Devils , Tyler Ennis 16 (Nick Palmieri 12, Nazem Kadri 23) at 7:32 (PP)
Penalties :
Jonas Brodin (Buf) for Hooking (Minor) at 7:23, Chris Kreider (Buf) for Cross-checking (Minor) at 15:33
2nd period
5. Sabres , Cal Clutterbuck 8 (Artemi Panarin 25, Mika Zibanejad 37) at 10:41
Penalties :
Thomas Hickey (N.J) for Slashing (Minor) at 5:16, Ilya Kovalchuk (Buf) for High sticking (Minor) at 11:10, Cal Clutterbuck (Buf) for Slashing (Minor) at 18:52
3rd period
6. Sabres , Cal Clutterbuck 9 (Mika Zibanejad 38) at 10:51
7. Devils , Logan Shaw 9 (Jonathan Huberdeau 19, Brayden Point 19) at 17:09
8. Devils , Nazem Kadri 18 (Tyler Ennis 37, Nick Palmieri 13) at 19:51 (Empty Net)
Penalties :
Michael Del Zotto (N.J) for Roughing (Minor) at 1:40, Matt Donovan (N.J) for Hooking (Minor) at 7:22
Goalie Stats
Jonathan Quick (N.J), 28 saves from 31 shots - (0.903), W, 15-9-2, 60:00 minutes
Igor Shesterkin (Buf), 25 saves from 29 shots - (0.862), L, 12-13-3, 59:08 minutes
Players Stats for Devils
Player Name G A P +/- PIM S H SB GA TA FO MP PP MP PK MP
------------------------------------------------------------------------------------
Anton Lander 0 0 0 0 0 3 1 0 0 0 2/2 9:42 0:00 0:08
Brayden Point 0 1 1 0 0 1 1 2 0 0 2/8 14:14 2:35 0:00
Damon Severson 0 0 0 -1 0 2 2 1 0 1 0/0 19:56 2:11 2:37
Darren Dietz 0 0 0 -1 0 2 1 0 0 1 0/0 15:40 0:00 0:22
Eric Tangradi 0 0 0 0 0 1 1 0 1 0 0/0 11:06 0:00 1:32
Jonathan Huberdeau 0 1 1 0 0 0 2 2 0 0 0/1 14:14 2:35 0:00
Kristopher Letang 0 1 1 3 0 1 0 1 0 0 0/0 26:26 3:55 3:48
Logan Shaw 1 0 1 0 0 1 0 0 0 0 0/0 14:34 0:00 2:55
Matt Donovan 0 0 0 -1 2 2 1 0 0 0 0/0 18:20 2:11 0:57
Michael Del Zotto 0 0 0 3 2 1 1 2 0 1 0/0 25:31 3:55 2:23
Nail Yakupov 0 0 0 0 0 1 0 0 0 0 0/0 9:43 0:00 0:00
Nazem Kadri 1 2 3 2 0 3 1 1 1 2 9/23 20:09 3:31 1:30
Nick Palmieri 0 2 2 2 0 1 2 0 2 1 1/2 20:09 3:31 1:30
Ondrej Kase 0 0 0 -1 0 0 1 0 1 1 0/0 11:36 0:00 0:00
Sam Bennett 0 1 1 -1 0 1 1 1 1 1 8/17 16:46 2:35 2:52
Sven Baertschi 1 0 1 -1 0 4 3 0 0 0 1/1 11:36 0:00 0:00
Thomas Hickey 0 0 0 -1 2 0 0 3 0 0 0/0 15:30 0:00 1:47
Tyler Ennis 2 1 3 2 0 6 0 2 1 0 2/2 18:48 3:31 1:27
Players Stats for Sabres
Player Name G A P +/- PIM S H SB GA TA FO MP PP MP PK MP
------------------------------------------------------------------------------------
Alex Killorn 0 0 0 0 0 0 0 0 0 0 0/0 2:27 0:10 0:50
Artemi Panarin 1 1 2 1 0 6 1 1 2 0 3/5 25:35 2:59 3:30
Brock Nelson 0 0 0 0 0 1 0 0 0 0 0/0 5:16 0:00 0:00
Cal Clutterbuck 2 0 2 1 2 4 0 0 2 0 1/1 18:09 3:01 0:00
Chris Kreider 0 0 0 0 2 0 2 1 1 0 1/1 17:18 2:52 1:10
Corey Perry 0 0 0 0 0 1 1 0 0 1 0/0 16:09 2:52 0:00
Evgeni Malkin 0 0 0 -2 0 1 1 2 0 0 5/7 15:24 0:10 0:59
Frederick Gaudreau 0 0 0 0 0 0 0 0 0 0 0/3 5:16 0:00 0:00
Ilya Kovalchuk 0 0 0 -2 2 1 1 1 0 0 0/0 14:40 0:00 0:30
Jonas Brodin 0 0 0 -1 2 1 0 1 0 1 0/0 12:03 0:00 0:00
Jordan Staal 0 0 0 0 0 2 0 0 0 0 9/10 17:51 2:52 1:42
Mathew Dumba 0 1 1 1 0 3 1 1 0 0 0/0 26:48 2:53 4:01
Mika Zibanejad 0 3 3 1 0 4 1 2 0 2 12/29 21:35 2:55 3:31
Nate Schmidt 0 0 0 -1 0 0 1 1 0 0 0/0 21:08 3:04 2:05
Neal Pionk 0 0 0 -1 0 0 0 3 1 2 0/0 12:04 0:00 0:00
Robby Fabbri 0 0 0 -2 0 5 3 0 1 1 0/0 14:11 0:00 0:00
Tyson Barrie 0 0 0 -1 0 2 1 0 1 0 0/0 21:08 3:04 2:05
Victor Hedman 0 0 0 1 0 0 2 4 0 0 0/0 26:48 2:53 4:01
3 Stars
1 - Tyler Ennis (N.J)
2 - Nazem Kadri (N.J)
3 - Nick Palmieri (N.J)
Power Play
Devils - 1 on 4 Attempt(s) - 25.00%
Sabres - 0 on 3 Attempt(s) - 0.00%
Penalty Kill
Devils - 3 on 3 Attempt(s) - 100.00%
- Score 0 goal in Penalty Kill
Sabres - 3 on 4 Attempt(s) - 75.00%
- Score 0 goal in Penalty Kill
Team Stat
Devils - Hits : 18 - Faceoff Wins : 25 - Blocked Shots : 15 - Penalty Minutes : 6
Sabres - Hits : 15 - Faceoff Wins : 31 - Blocked Shots : 17 - Penalty Minutes : 8
Official
Referees : Jacob Brenk and Dean Morton
Linesman : Jesse Marquis and Jonny Murray
Game Notes
Nazem Kadri has scored in a empty net!
Finance
Level 1 -- Attendance: 5637 (93.95%) -- Ticket Income $563,700
Level 2 -- Attendance: 4983 (99.66%) -- Ticket Income $348,810
Level 3 -- Attendance: 2000 (100.00%) -- Ticket Income $80,000
Level 4 -- Attendance: 3946 (98.65%) -- Ticket Income $118,380
Luxury Box -- Attendance: 883 (88.30%) -- Ticket Income $176,600
Game was played at the Key Bank Center.
Total Attendance: 17449 (96.94%)
Total Ticket Income: $1,287,490
Other Income: $193,124
Total Income: $1,480,614
Devils
5 vs 5 Forward
Center Left Wing Right Wing Time % Phy DF OF
1 Nazem Kadri Tyler Ennis Nick Palmieri 35 0 2 3
2 Brayden Point Jonathan Huberdeau Logan Shaw 30 0 2 3
3 Sam Bennett Sven Baertschi Ondrej Kase 25 0 2 3
4 Anton Lander Eric Tangradi Nail Yakupov 10 0 2 3
5 vs 5 Defense
Defense Defense Time % Phy DF OF
1 Michael Del Zotto Kristopher Letang 40 0 3 2
2 Matt Donovan Thomas Hickey 30 0 3 2
3 Damon Severson Darren Dietz 30 0 3 2
4 Michael Del Zotto Kristopher Letang 0 0 3 2
PowerPlay Forward
Center Left Wing Right Wing Time % Phy DF OF
1 Nazem Kadri Tyler Ennis Nick Palmieri 60 0 1 4
2 Brayden Point Jonathan Huberdeau Sam Bennett 40 0 1 4
PowerPlay Defense
Defense Defense Time % Phy DF OF
1 Michael Del Zotto Kristopher Letang 60 0 2 3
2 Matt Donovan Damon Severson 40 0 2 3
Penalty Kill 4 Players Forward
Center Wing Time % Phy DF OF
1 Sam Bennett Logan Shaw 60 1 3 1
2 Nazem Kadri Nick Palmieri 40 1 3 1
Penalty Kill 4 Players Defense
Defense Defense Time % Phy DF OF
1 Michael Del Zotto Kristopher Letang 60 1 4 0
2 Matt Donovan Thomas Hickey 40 1 4 0
Penalty Kill - 3 Players Forward
Forward Time % Phy DF OF
1 Nazem Kadri 60 1 4 0
2 Tyler Ennis 40 1 4 0
Penalty Kill - 3 Players Defense
Defense Defense Time % Phy DF OF
1 Michael Del Zotto Kristopher Letang 60 1 4 0
2 Matt Donovan Thomas Hickey 40 1 4 0
4 vs 4 Forward
Center Wing Time % Phy DF OF
1 Nazem Kadri Tyler Ennis 60 1 2 2
2 Brayden Point Jonathan Huberdeau 40 1 2 2
4 vs 4 Defense
Defense Defense Time % Phy DF OF
1 Michael Del Zotto Kristopher Letang 60 1 2 2
2 Matt Donovan Thomas Hickey 40 1 2 2
Last Minutes Offensive
Center Left Wing Right Wing Defense Defense
Nazem Kadri Tyler Ennis Nick Palmieri Michael Del Zotto Kristopher Letang
Last Minutes Defensive
Center Left Wing Right Wing Defense Defense
Nazem Kadri Tyler Ennis Nick Palmieri Michael Del Zotto Kristopher Letang
Goaltenders
Starting : Jonathan Quick
Backup : Elvis Merzlikins
Extra Forwards
Normal : Sam Bennett, Nail Yakupov, Ondrej Kase - PP : Ondrej Kase, Nail Yakupov - PK : Tyler Ennis
Extra Defensemen
Normal : Thomas Hickey, Damon Severson, Darren Dietz - PP : Thomas Hickey - PK : Thomas Hickey, Damon Severson
Penalty Shots
Tyler Ennis, Nazem Kadri, Ondrej Kase, Brayden Point, Nick Palmieri
Custom OT Lines Forwards
Tyler Ennis, Nazem Kadri, Jonathan Huberdeau, Brayden Point, Nick Palmieri, Sam Bennett, Logan Shaw, Nail Yakupov, Ondrej Kase, Sven Baertschi
Custom OT Lines Defensemen
Michael Del Zotto, Kristopher Letang, Matt Donovan, Thomas Hickey, Damon Severson
Scratches
Cam Fowler (Facial Surgery Injury)
Sabres
5 vs 5 Forward
Center Left Wing Right Wing Time % Phy DF OF
1 Mika Zibanejad Artemi Panarin Cal Clutterbuck 40 1 2 2
2 Jordan Staal Chris Kreider Corey Perry 30 1 2 2
3 Evgeni Malkin Robby Fabbri Ilya Kovalchuk 20 1 2 2
4 Frederick Gaudreau Brock Nelson Artemi Panarin 10 1 2 2
5 vs 5 Defense
Defense Defense Time % Phy DF OF
1 Mathew Dumba Victor Hedman 40 1 2 2
2 Nate Schmidt Tyson Barrie 30 1 2 2
3 Neal Pionk Jonas Brodin 20 1 2 2
4 Mathew Dumba Victor Hedman 10 1 2 2
PowerPlay Forward
Center Left Wing Right Wing Time % Phy DF OF
1 Mika Zibanejad Artemi Panarin Cal Clutterbuck 60 1 2 2
2 Jordan Staal Chris Kreider Corey Perry 40 1 2 2
PowerPlay Defense
Defense Defense Time % Phy DF OF
1 Mathew Dumba Victor Hedman 60 1 2 2
2 Nate Schmidt Tyson Barrie 40 1 2 2
Penalty Kill 4 Players Forward
Center Wing Time % Phy DF OF
1 Artemi Panarin Mika Zibanejad 60 1 2 2
2 Chris Kreider Jordan Staal 40 1 2 2
Penalty Kill 4 Players Defense
Defense Defense Time % Phy DF OF
1 Mathew Dumba Victor Hedman 60 1 2 2
2 Nate Schmidt Tyson Barrie 40 1 2 2
Penalty Kill - 3 Players Forward
Forward Time % Phy DF OF
1 Artemi Panarin 60 1 2 2
2 Mika Zibanejad 40 1 2 2
Penalty Kill - 3 Players Defense
Defense Defense Time % Phy DF OF
1 Mathew Dumba Victor Hedman 60 1 2 2
2 Nate Schmidt Tyson Barrie 40 1 2 2
4 vs 4 Forward
Center Wing Time % Phy DF OF
1 Artemi Panarin Mika Zibanejad 60 1 2 2
2 Chris Kreider Jordan Staal 40 1 2 2
4 vs 4 Defense
Defense Defense Time % Phy DF OF
1 Mathew Dumba Victor Hedman 60 1 2 2
2 Nate Schmidt Tyson Barrie 40 1 2 2
Last Minutes Offensive
Center Left Wing Right Wing Defense Defense
Mika Zibanejad Artemi Panarin Cal Clutterbuck Mathew Dumba Victor Hedman
Last Minutes Defensive
Center Left Wing Right Wing Defense Defense
Mika Zibanejad Artemi Panarin Cal Clutterbuck Mathew Dumba Victor Hedman
Goaltenders
Starting : Igor Shesterkin
Backup : Cam Talbot
Extra Forwards
Normal : Alex Killorn, Evgeni Malkin, Ilya Kovalchuk - PP : Alex Killorn, Evgeni Malkin - PK : Ilya Kovalchuk
Extra Defensemen
Normal : Neal Pionk, Jonas Brodin, Nate Schmidt - PP : Neal Pionk - PK : Jonas Brodin, Nate Schmidt
Penalty Shots
Artemi Panarin, Mika Zibanejad, Chris Kreider, Jordan Staal, Evgeni Malkin
Custom OT Lines Forwards
Artemi Panarin, Mika Zibanejad, Chris Kreider, Jordan Staal, Evgeni Malkin, Cal Clutterbuck, Corey Perry, Ilya Kovalchuk, Robby Fabbri, Frederick Gaudreau
Custom OT Lines Defensemen
Mathew Dumba, Victor Hedman, Nate Schmidt, Tyson Barrie, Neal Pionk
Scratches
Calvin de Haan (Strained Left Knee Injury), Christian Dvorak (Healthy), Joel Eriksson Ek (Healthy), Teemu Pulkkinen (Healthy)
% Time on Ice - Devils
Lines # - Real PCT - Wanted PCT - Time Play
Normal Forward
1 - 27% - 35% - 12:53
2 - 28% - 30% - 12:57
3 - 25% - 25% - 11:36
4 - 20% - 10% - 9:26
Normal Defense
1 - 41% - 40% - 19:06
2 - 30% - 30% - 13:56
3 - 30% - 30% - 13:50
4 - 0% - 0% - 0:00
PP Forward
1 - 58% - 60% - 3:31
2 - 42% - 40% - 2:35
PP Defense
1 - 64% - 60% - 3:55
2 - 36% - 40% - 2:11
PK Forward
1 - 75% - 60% - 4:27
2 - 25% - 40% - 1:30
PK Defense
1 - 70% - 60% - 4:10
2 - 30% - 40% - 1:47
PK3 Forward
1 - 0% - 60%
2 - 0% - 40%
PK3 Defense
1 - 0% - 60%
2 - 0% - 40%
44 Forward
1 - 0% - 60%
2 - 0% - 40%
44 Defense
1 - 0% - 60%
2 - 0% - 40%
Last Minute Offensive - 0:00
Last Minute Defensive - 1:05
Total
Forward - 60:00
Defense - 60:00
|
% Time on Ice - Sabres
Lines # - Real PCT - Wanted PCT - Time Play
Normal Forward
1 - 30% - 40% - 14:11
2 - 28% - 30% - 13:17
3 - 30% - 20% - 14:11
4 - 11% - 10% - 5:16
Normal Defense
1 - 39% - 40% - 18:28
2 - 32% - 30% - 15:05
3 - 26% - 20% - 12:04
4 - 3% - 10% - 1:18
PP Forward
1 - 52% - 60% - 3:05
2 - 48% - 40% - 2:52
PP Defense
1 - 48% - 60% - 2:53
2 - 52% - 40% - 3:04
PK Forward
1 - 72% - 60% - 4:24
2 - 28% - 40% - 1:42
PK Defense
1 - 66% - 60% - 4:01
2 - 34% - 40% - 2:05
PK3 Forward
1 - 0% - 60%
2 - 0% - 40%
PK3 Defense
1 - 0% - 60%
2 - 0% - 40%
44 Forward
1 - 0% - 60%
2 - 0% - 40%
44 Defense
1 - 0% - 60%
2 - 0% - 40%
Last Minute Offensive - 1:02
Last Minute Defensive - 0:00
Total
Forward - 60:00
Defense - 60:00
|
Play-by-Play
1st period
0:01 of 1st period - Tyler Ennis wins face-off versus Mika Zibanejad in neutral zone.
0:14 of 1st period - Slapshot by Tyler Ennis.
0:14 of 1st period - Stopped by Igor Shesterkin without a rebound.
0:15 of 1st period - Jordan Staal wins face-off versus Brayden Point in Sabres zone.
0:15 of 1st period - Jordan Staal is hit by Jonathan Huberdeau.
0:40 of 1st period - Jonathan Huberdeau is hit by Chris Kreider and loses puck.
0:54 of 1st period - Backhand shot by Tyson Barrie.
0:54 of 1st period - Stopped by Jonathan Quick without a rebound.
0:55 of 1st period - Sam Bennett wins face-off versus Evgeni Malkin in Devils zone.
1:10 of 1st period - Snap shot by Sven Baertschi.
1:10 of 1st period - Stopped by Igor Shesterkin with a rebound.
2:01 of 1st period - Wrist shot by Sam Bennett.
2:01 of 1st period - Stopped by Igor Shesterkin without a rebound.
2:02 of 1st period - Jordan Staal wins face-off versus Sam Bennett in Sabres zone.
2:11 of 1st period - Ondrej Kase is hit by Mathew Dumba.
2:27 of 1st period - Wrist shot by Mathew Dumba.
2:27 of 1st period - Stopped by Jonathan Quick without a rebound.
2:28 of 1st period - Evgeni Malkin wins face-off versus Nazem Kadri in Devils zone.
2:39 of 1st period - Snap shot by Tyler Ennis.
2:39 of 1st period - Goal by Tyler Ennis - Devils : 1 - Sabres : 0.
2:40 of 1st period - Mika Zibanejad wins face-off versus Brayden Point in neutral zone.
2:53 of 1st period - Snap shot by Mika Zibanejad.
2:53 of 1st period - Stopped by Jonathan Quick with a rebound.
2:55 of 1st period - Slapshot by Victor Hedman.
2:55 of 1st period - Shot Misses the Net.
3:44 of 1st period - Wrist shot by Nazem Kadri.
3:44 of 1st period - Stopped by Igor Shesterkin without a rebound.
3:45 of 1st period - Sam Bennett wins face-off versus Mika Zibanejad in Sabres zone.
3:48 of 1st period - Snap shot by Sven Baertschi.
3:48 of 1st period - Goal by Sven Baertschi - Devils : 2 - Sabres : 0.
3:49 of 1st period - Sam Bennett wins face-off versus Mika Zibanejad in neutral zone.
3:57 of 1st period - Slapshot by Mathew Dumba.
3:57 of 1st period - Shot Misses the Net.
3:59 of 1st period - Slapshot by Mika Zibanejad.
3:59 of 1st period - Shot Misses the Net.
4:01 of 1st period - Wrist shot by Artemi Panarin.
4:01 of 1st period - Goal by Artemi Panarin - Devils : 2 - Sabres : 1.
4:02 of 1st period - Nazem Kadri wins face-off versus Mika Zibanejad in neutral zone.
4:05 of 1st period - Slapshot by Nazem Kadri.
4:05 of 1st period - Shot Blocked by Artemi Panarin.
4:13 of 1st period - Snap shot by Artemi Panarin.
4:13 of 1st period - Shot Blocked by Tyler Ennis.
4:15 of 1st period - Slapshot by Mathew Dumba.
4:15 of 1st period - Shot Blocked by Michael Del Zotto.
4:17 of 1st period - Snap shot by Artemi Panarin.
4:17 of 1st period - Shot Hit the Post.
4:19 of 1st period - Slapshot by Mika Zibanejad.
4:19 of 1st period - Shot Misses the Net.
4:29 of 1st period - Victor Hedman is hit by Anton Lander.
4:37 of 1st period - Backhand shot by Anton Lander.
4:37 of 1st period - Shot Misses the Net.
4:39 of 1st period - Wrist shot by Anton Lander.
4:39 of 1st period - Stopped by Igor Shesterkin without a rebound.
4:40 of 1st period - Sam Bennett wins face-off versus Mika Zibanejad in Sabres zone.
4:45 of 1st period - Wrist shot by Sven Baertschi.
4:45 of 1st period - Stopped by Igor Shesterkin with a rebound.
5:31 of 1st period - Slapshot by Mathew Dumba.
5:31 of 1st period - Stopped by Jonathan Quick without a rebound.
5:32 of 1st period - Jordan Staal wins face-off versus Brayden Point in Devils zone.
5:54 of 1st period - Jordan Staal is hit by Darren Dietz and loses puck.
6:57 of 1st period - Off-side.
6:58 of 1st period - Nazem Kadri wins face-off versus Mika Zibanejad in neutral zone.
7:08 of 1st period - Icing by Damon Severson.
7:09 of 1st period - Mika Zibanejad wins face-off versus Nick Palmieri in Devils zone.
7:10 of 1st period - Snap shot by Cal Clutterbuck.
7:10 of 1st period - Deflect By Nazem Kadri.
7:10 of 1st period - Shot Blocked by Tyler Ennis.
7:10 of 1st period - Puck is out of play.
7:11 of 1st period - Sam Bennett wins face-off versus Mika Zibanejad in Devils zone.
7:23 of 1st period - Minor Penalty to Jonas Brodin for Hooking.
7:24 of 1st period - Nazem Kadri wins face-off versus Artemi Panarin in Sabres zone.
7:32 of 1st period - Snap shot by Tyler Ennis.
7:32 of 1st period - Goal by Tyler Ennis - Devils : 3 - Sabres : 1.
7:33 of 1st period - Nazem Kadri wins face-off versus Mika Zibanejad in neutral zone.
8:42 of 1st period - Snap shot by Kristopher Letang.
8:42 of 1st period - Stopped by Igor Shesterkin without a rebound.
8:43 of 1st period - Brayden Point wins face-off versus Frederick Gaudreau in Sabres zone.
8:52 of 1st period - Wrist shot by Artemi Panarin.
8:52 of 1st period - Stopped by Jonathan Quick with a rebound.
8:54 of 1st period - Wrist shot by Jonas Brodin.
8:54 of 1st period - Stopped by Jonathan Quick with a rebound.
8:56 of 1st period - Snap shot by Artemi Panarin.
8:56 of 1st period - Shot Blocked by Thomas Hickey.
9:06 of 1st period - Snap shot by Brock Nelson.
9:06 of 1st period - Shot Misses the Net.
9:12 of 1st period - Slapshot by Brock Nelson.
9:12 of 1st period - Stopped by Jonathan Quick without a rebound.
9:13 of 1st period - Evgeni Malkin wins face-off versus Nazem Kadri in Devils zone.
9:26 of 1st period - Snap shot by Evgeni Malkin.
9:26 of 1st period - Shot Misses the Net.
9:44 of 1st period - Snap shot by Artemi Panarin.
9:44 of 1st period - Shot Misses the Net.
9:46 of 1st period - Snap shot by Artemi Panarin.
9:46 of 1st period - Shot Misses the Net.
9:48 of 1st period - Wrist shot by Artemi Panarin.
9:48 of 1st period - Stopped by Jonathan Quick without a rebound.
9:49 of 1st period - Mika Zibanejad wins face-off versus Nazem Kadri in Devils zone.
9:50 of 1st period - Snap shot by Artemi Panarin.
9:50 of 1st period - Shot Blocked by Nazem Kadri.
10:21 of 1st period - Snap shot by Sven Baertschi.
10:21 of 1st period - Stopped by Igor Shesterkin with a rebound.
11:45 of 1st period - Snap shot by Anton Lander.
11:45 of 1st period - Shot Blocked by Victor Hedman.
11:47 of 1st period - Snap shot by Damon Severson.
11:47 of 1st period - Stopped by Igor Shesterkin with a rebound.
11:49 of 1st period - Wrist shot by Eric Tangradi.
11:49 of 1st period - Shot Blocked by Evgeni Malkin.
11:51 of 1st period - Slapshot by Damon Severson.
11:51 of 1st period - Shot Misses the Net.
11:53 of 1st period - Snap shot by Damon Severson.
11:53 of 1st period - Shot Misses the Net.
11:55 of 1st period - Snap shot by Anton Lander.
11:55 of 1st period - Shot Misses the Net.
11:57 of 1st period - Slapshot by Darren Dietz.
11:57 of 1st period - Shot Blocked by Ilya Kovalchuk.
11:59 of 1st period - Backhand shot by Darren Dietz.
11:59 of 1st period - Stopped by Igor Shesterkin without a rebound.
12:00 of 1st period - Nazem Kadri wins face-off versus Mika Zibanejad in Sabres zone.
12:15 of 1st period - Wrist shot by Mika Zibanejad.
12:15 of 1st period - Stopped by Jonathan Quick with a rebound.
12:17 of 1st period - Slapshot by Mika Zibanejad.
12:17 of 1st period - Shot Misses the Net.
12:56 of 1st period - Snap shot by Jonathan Huberdeau.
12:56 of 1st period - Shot Misses the Net.
13:16 of 1st period - Snap shot by Robby Fabbri.
13:16 of 1st period - Stopped by Jonathan Quick without a rebound.
13:17 of 1st period - Evgeni Malkin wins face-off versus Sam Bennett in Devils zone.
13:18 of 1st period - Slapshot by Robby Fabbri.
13:18 of 1st period - Stopped by Jonathan Quick without a rebound.
13:19 of 1st period - Evgeni Malkin wins face-off versus Sam Bennett in Devils zone.
13:20 of 1st period - Snap shot by Ilya Kovalchuk.
13:20 of 1st period - Shot Blocked by Thomas Hickey.
13:23 of 1st period - Icing by Thomas Hickey.
13:24 of 1st period - Mika Zibanejad wins face-off versus Sam Bennett in Devils zone.
13:39 of 1st period - Snap shot by Mika Zibanejad.
13:39 of 1st period - Stopped by Jonathan Quick with a rebound.
15:30 of 1st period - Slapshot by Anton Lander.
15:30 of 1st period - Stopped by Igor Shesterkin without a rebound.
15:31 of 1st period - Jordan Staal wins face-off versus Nazem Kadri in Sabres zone.
15:33 of 1st period - Minor Penalty to Chris Kreider for Cross-checking.
15:34 of 1st period - Artemi Panarin wins face-off versus Nazem Kadri in Sabres zone.
15:48 of 1st period - Wrist shot by Nazem Kadri.
15:48 of 1st period - Shot Misses the Net.
17:33 of 1st period - Penalty to Chris Kreider is over, Chris Kreider is back on ice.
17:38 of 1st period - Nate Schmidt is hit by Matt Donovan and loses puck.
17:57 of 1st period - Matt Donovan is hit by Evgeni Malkin and loses puck.
18:31 of 1st period - Cal Clutterbuck is hit by Sven Baertschi and loses puck.
18:59 of 1st period - Michael Del Zotto is hit by Robby Fabbri and loses puck.
19:09 of 1st period - Icing by Ilya Kovalchuk.
19:10 of 1st period - Anton Lander wins face-off versus Frederick Gaudreau in Sabres zone.
Goals for this period are 3 for Devils vs 1 for Sabres.
Shots for this period are 14 for Devils vs 13 for Sabres.
2nd period
0:01 of 2nd period - Nazem Kadri wins face-off versus Mika Zibanejad in neutral zone.
1:33 of 2nd period - Slapshot by Matt Donovan.
1:33 of 2nd period - Shot Hit the Post.
1:35 of 2nd period - Snap shot by Tyler Ennis.
1:35 of 2nd period - Shot Misses the Net.
1:37 of 2nd period - Snap shot by Tyler Ennis.
1:37 of 2nd period - Stopped by Igor Shesterkin with a rebound.
3:34 of 2nd period - Icing by Logan Shaw.
3:35 of 2nd period - Jordan Staal wins face-off versus Brayden Point in Devils zone.
3:38 of 2nd period - Wrist shot by Chris Kreider.
3:38 of 2nd period - Deflect By Corey Perry.
3:38 of 2nd period - Stopped by Jonathan Quick without a rebound.
3:39 of 2nd period - Tyler Ennis wins face-off versus Jordan Staal in Devils zone.
3:39 of 2nd period - Tyler Ennis is hit by Chris Kreider.
4:09 of 2nd period - Snap shot by Mika Zibanejad.
4:09 of 2nd period - Shot Misses the Net.
4:35 of 2nd period - Snap shot by Nail Yakupov.
4:35 of 2nd period - Shot Blocked by Nate Schmidt.
4:37 of 2nd period - Wrist shot by Eric Tangradi.
4:37 of 2nd period - Shot Blocked by Mika Zibanejad.
4:53 of 2nd period - Snap shot by Robby Fabbri.
4:53 of 2nd period - Shot Misses the Net.
4:55 of 2nd period - Slapshot by Robby Fabbri.
4:55 of 2nd period - Stopped by Jonathan Quick without a rebound.
4:56 of 2nd period - Evgeni Malkin wins face-off versus Nazem Kadri in Devils zone.
5:16 of 2nd period - Minor Penalty to Thomas Hickey for Slashing.
5:17 of 2nd period - Sam Bennett wins face-off versus Mika Zibanejad in Devils zone.
5:29 of 2nd period - Wrist shot by Mika Zibanejad.
5:29 of 2nd period - Shot Blocked by Sam Bennett.
5:31 of 2nd period - Slapshot by Cal Clutterbuck.
5:31 of 2nd period - Shot Misses the Net.
6:57 of 2nd period - Artemi Panarin is hit by Nazem Kadri and loses puck.
7:16 of 2nd period - Penalty to Thomas Hickey is over, Thomas Hickey is back on ice.
7:29 of 2nd period - Tyler Ennis is hit by Robby Fabbri and loses puck.
7:50 of 2nd period - Jonas Brodin is hit by Sven Baertschi and loses puck.
10:13 of 2nd period - Cal Clutterbuck is hit by Jonathan Huberdeau and loses puck.
10:28 of 2nd period - Neal Pionk is hit by Ondrej Kase and loses puck.
10:39 of 2nd period - Snap shot by Artemi Panarin.
10:39 of 2nd period - Shot Blocked by Thomas Hickey.
10:41 of 2nd period - Slapshot by Cal Clutterbuck.
10:41 of 2nd period - Goal by Cal Clutterbuck - Devils : 3 - Sabres : 2.
10:42 of 2nd period - Jordan Staal wins face-off versus Nazem Kadri in neutral zone.
10:47 of 2nd period - Snap shot by Chris Kreider.
10:47 of 2nd period - Shot Misses the Net.
11:10 of 2nd period - Minor Penalty to Ilya Kovalchuk for High sticking.
11:11 of 2nd period - Nazem Kadri wins face-off versus Artemi Panarin in Sabres zone.
11:16 of 2nd period - Wrist shot by Tyler Ennis.
11:16 of 2nd period - Shot Blocked by Victor Hedman.
13:10 of 2nd period - Penalty to Ilya Kovalchuk is over, Ilya Kovalchuk is back on ice.
13:15 of 2nd period - Eric Tangradi is hit by Victor Hedman and loses puck.
13:25 of 2nd period - Snap shot by Eric Tangradi.
13:25 of 2nd period - Shot Misses the Net.
13:50 of 2nd period - Snap shot by Mathew Dumba.
13:50 of 2nd period - Stopped by Jonathan Quick with a rebound.
15:10 of 2nd period - Logan Shaw is hit by Tyson Barrie and loses puck.
15:46 of 2nd period - Slapshot by Jonas Brodin.
15:46 of 2nd period - Deflect By Robby Fabbri.
15:46 of 2nd period - Shot Blocked by Michael Del Zotto.
15:46 of 2nd period - Puck is out of play.
15:47 of 2nd period - Brayden Point wins face-off versus Evgeni Malkin in Devils zone.
16:21 of 2nd period - Snap shot by Nazem Kadri.
16:21 of 2nd period - Stopped by Igor Shesterkin without a rebound.
16:22 of 2nd period - Jordan Staal wins face-off versus Sam Bennett in Sabres zone.
16:47 of 2nd period - Kristopher Letang is hit by Victor Hedman.
16:53 of 2nd period - Backhand shot by Tyler Ennis.
16:53 of 2nd period - Shot Hit the Post.
17:19 of 2nd period - Snap shot by Evgeni Malkin.
17:19 of 2nd period - Stopped by Jonathan Quick without a rebound.
17:20 of 2nd period - Mika Zibanejad wins face-off versus Sam Bennett in Devils zone.
17:32 of 2nd period - Slapshot by Sam Bennett.
17:32 of 2nd period - Deflect By Ondrej Kase.
17:32 of 2nd period - Shot Blocked by Mika Zibanejad.
17:32 of 2nd period - Puck is out of play.
17:33 of 2nd period - Nick Palmieri wins face-off versus Mika Zibanejad in Sabres zone.
17:34 of 2nd period - Wrist shot by Tyler Ennis.
17:34 of 2nd period - Shot Blocked by Victor Hedman.
17:36 of 2nd period - Slapshot by Damon Severson.
17:36 of 2nd period - Shot Misses the Net.
18:08 of 2nd period - Wrist shot by Tyler Ennis.
18:08 of 2nd period - Shot Blocked by Evgeni Malkin.
18:10 of 2nd period - Slapshot by Darren Dietz.
18:10 of 2nd period - Shot Misses the Net.
18:12 of 2nd period - Slapshot by Damon Severson.
18:12 of 2nd period - Stopped by Igor Shesterkin without a rebound.
18:13 of 2nd period - Jordan Staal wins face-off versus Jonathan Huberdeau in Sabres zone.
18:20 of 2nd period - Jordan Staal is hit by Brayden Point and loses puck.
18:30 of 2nd period - Slapshot by Jordan Staal.
18:30 of 2nd period - Stopped by Jonathan Quick without a rebound.
18:31 of 2nd period - Cal Clutterbuck wins face-off versus Sam Bennett in Devils zone.
18:52 of 2nd period - Minor Penalty to Cal Clutterbuck for Slashing.
18:53 of 2nd period - Artemi Panarin wins face-off versus Nazem Kadri in Sabres zone.
18:53 of 2nd period - Artemi Panarin is hit by Nick Palmieri.
18:59 of 2nd period - Snap shot by Artemi Panarin.
18:59 of 2nd period - Shot Misses the Net.
19:03 of 2nd period - Wrist shot by Artemi Panarin.
19:03 of 2nd period - Stopped by Jonathan Quick with a rebound.
Goals for this period are 0 for Devils vs 1 for Sabres.
Shots for this period are 3 for Devils vs 7 for Sabres.
3rd period
0:01 of 3rd period - Artemi Panarin wins face-off versus Nazem Kadri in neutral zone.
0:32 of 3rd period - Slapshot by Matt Donovan.
0:32 of 3rd period - Deflect By Jordan Staal.
0:32 of 3rd period - Stopped by Igor Shesterkin with a rebound.
0:34 of 3rd period - Wrist shot by Brayden Point.
0:34 of 3rd period - Shot Blocked by Chris Kreider.
0:52 of 3rd period - Penalty to Cal Clutterbuck is over, Cal Clutterbuck is back on ice.
1:26 of 3rd period - Snap shot by Robby Fabbri.
1:26 of 3rd period - Stopped by Jonathan Quick with a rebound.
1:28 of 3rd period - Wrist shot by Ilya Kovalchuk.
1:28 of 3rd period - Shot Misses the Net.
1:34 of 3rd period - Snap shot by Evgeni Malkin.
1:34 of 3rd period - Shot Blocked by Kristopher Letang.
1:40 of 3rd period - Minor Penalty to Michael Del Zotto for Roughing.
1:41 of 3rd period - Chris Kreider wins face-off versus Sam Bennett in Devils zone.
1:50 of 3rd period - Tyson Barrie is hit by Sam Bennett and loses puck.
3:40 of 3rd period - Penalty to Michael Del Zotto is over, Michael Del Zotto is back on ice.
3:46 of 3rd period - Logan Shaw is hit by Ilya Kovalchuk and loses puck.
4:18 of 3rd period - Snap shot by Anton Lander.
4:18 of 3rd period - Shot Misses the Net.
5:26 of 3rd period - Tyson Barrie is hit by Eric Tangradi and loses puck.
5:41 of 3rd period - Anton Lander is hit by Robby Fabbri and loses puck.
6:11 of 3rd period - Wrist shot by Eric Tangradi.
6:11 of 3rd period - Shot Blocked by Neal Pionk.
6:13 of 3rd period - Snap shot by Matt Donovan.
6:13 of 3rd period - Stopped by Igor Shesterkin with a rebound.
6:35 of 3rd period - Snap shot by Anton Lander.
6:35 of 3rd period - Shot Misses the Net.
6:39 of 3rd period - Slapshot by Eric Tangradi.
6:39 of 3rd period - Shot Blocked by Jonas Brodin.
6:49 of 3rd period - Robby Fabbri is hit by Michael Del Zotto and loses puck.
6:54 of 3rd period - Slapshot by Nail Yakupov.
6:54 of 3rd period - Shot Blocked by Neal Pionk.
6:56 of 3rd period - Snap shot by Eric Tangradi.
6:56 of 3rd period - Shot Misses the Net.
6:58 of 3rd period - Wrist shot by Eric Tangradi.
6:58 of 3rd period - Stopped by Igor Shesterkin with a rebound.
7:00 of 3rd period - Wrist shot by Nail Yakupov.
7:00 of 3rd period - Stopped by Igor Shesterkin with a rebound.
7:02 of 3rd period - Snap shot by Eric Tangradi.
7:02 of 3rd period - Shot Misses the Net.
7:04 of 3rd period - Snap shot by Nail Yakupov.
7:04 of 3rd period - Shot Blocked by Neal Pionk.
7:06 of 3rd period - Slapshot by Darren Dietz.
7:06 of 3rd period - Stopped by Igor Shesterkin without a rebound.
7:07 of 3rd period - Nazem Kadri wins face-off versus Mika Zibanejad in Sabres zone.
7:08 of 3rd period - Snap shot by Tyler Ennis.
7:08 of 3rd period - Stopped by Igor Shesterkin without a rebound.
7:09 of 3rd period - Nazem Kadri wins face-off versus Mika Zibanejad in Sabres zone.
7:12 of 3rd period - Snap shot by Tyler Ennis.
7:12 of 3rd period - Stopped by Igor Shesterkin without a rebound.
7:13 of 3rd period - Mika Zibanejad wins face-off versus Nazem Kadri in Sabres zone.
7:20 of 3rd period - Snap shot by Mathew Dumba.
7:20 of 3rd period - Shot Misses the Net.
7:22 of 3rd period - Minor Penalty to Matt Donovan for Hooking.
7:23 of 3rd period - Mika Zibanejad wins face-off versus Sam Bennett in Devils zone.
9:22 of 3rd period - Penalty to Matt Donovan is over, Matt Donovan is back on ice.
10:38 of 3rd period - Wrist shot by Nick Palmieri.
10:38 of 3rd period - Stopped by Igor Shesterkin without a rebound.
10:39 of 3rd period - Mika Zibanejad wins face-off versus Brayden Point in Sabres zone.
10:49 of 3rd period - Snap shot by Cal Clutterbuck.
10:49 of 3rd period - Shot Blocked by Brayden Point.
10:51 of 3rd period - Snap shot by Cal Clutterbuck.
10:51 of 3rd period - Goal by Cal Clutterbuck - Devils : 3 - Sabres : 3.
10:52 of 3rd period - Mika Zibanejad wins face-off versus Brayden Point in neutral zone.
11:07 of 3rd period - Snap shot by Mika Zibanejad.
11:07 of 3rd period - Stopped by Jonathan Quick with a rebound.
11:09 of 3rd period - Slapshot by Mathew Dumba.
11:09 of 3rd period - Shot Blocked by Brayden Point.
11:19 of 3rd period - Jordan Staal is hit by Sven Baertschi and loses puck.
11:46 of 3rd period - Snap shot by Anton Lander.
11:46 of 3rd period - Stopped by Igor Shesterkin without a rebound.
11:47 of 3rd period - Anton Lander wins face-off versus Mika Zibanejad in Sabres zone.
12:12 of 3rd period - Nazem Kadri is hit by Corey Perry and loses puck.
12:25 of 3rd period - Victor Hedman is hit by Nick Palmieri and loses puck.
12:44 of 3rd period - Snap shot by Evgeni Malkin.
12:44 of 3rd period - Shot Blocked by Jonathan Huberdeau.
12:46 of 3rd period - Wrist shot by Evgeni Malkin.
12:46 of 3rd period - Shot Misses the Net.
12:48 of 3rd period - Slapshot by Mathew Dumba.
12:48 of 3rd period - Shot Blocked by Jonathan Huberdeau.
12:50 of 3rd period - Wrist shot by Ilya Kovalchuk.
12:50 of 3rd period - Stopped by Jonathan Quick without a rebound.
12:51 of 3rd period - Sam Bennett wins face-off versus Mika Zibanejad in Devils zone.
13:03 of 3rd period - Off-side.
13:04 of 3rd period - Mika Zibanejad wins face-off versus Nazem Kadri in neutral zone.
13:07 of 3rd period - Slapshot by Tyson Barrie.
13:07 of 3rd period - Stopped by Jonathan Quick with a rebound.
13:19 of 3rd period - Snap shot by Tyler Ennis.
13:19 of 3rd period - Shot Misses the Net.
13:21 of 3rd period - Slapshot by Michael Del Zotto.
13:21 of 3rd period - Deflect By Artemi Panarin.
13:21 of 3rd period - Stopped by Igor Shesterkin with a rebound.
13:31 of 3rd period - Kristopher Letang is hit by Nate Schmidt and loses puck.
13:38 of 3rd period - Wrist shot by Jordan Staal.
13:38 of 3rd period - Stopped by Jonathan Quick with a rebound.
13:42 of 3rd period - Snap shot by Chris Kreider.
13:42 of 3rd period - Shot Misses the Net.
14:02 of 3rd period - Wrist shot by Robby Fabbri.
14:02 of 3rd period - Stopped by Jonathan Quick without a rebound.
14:03 of 3rd period - Mika Zibanejad wins face-off versus Nazem Kadri in Devils zone.
14:10 of 3rd period - Cal Clutterbuck is hit by Damon Severson and loses puck.
14:31 of 3rd period - Corey Perry is hit by Damon Severson.
14:43 of 3rd period - Snap shot by Chris Kreider.
14:43 of 3rd period - Shot Blocked by Damon Severson.
17:05 of 3rd period - Slapshot by Logan Shaw.
17:05 of 3rd period - Shot Blocked by Victor Hedman.
17:07 of 3rd period - Wrist shot by Brayden Point.
17:07 of 3rd period - Shot Blocked by Mathew Dumba.
17:09 of 3rd period - Slapshot by Jonathan Huberdeau.
17:09 of 3rd period - Deflect By Logan Shaw.
17:09 of 3rd period - Goal by Logan Shaw - Devils : 4 - Sabres : 3.
17:10 of 3rd period - Sven Baertschi wins face-off versus Frederick Gaudreau in neutral zone.
17:27 of 3rd period - Sven Baertschi is hit by Artemi Panarin and loses puck.
17:57 of 3rd period - Thomas Hickey is hit by Mika Zibanejad and loses puck.
18:02 of 3rd period - Snap shot by Artemi Panarin.
18:02 of 3rd period - Stopped by Jonathan Quick without a rebound.
18:03 of 3rd period - Jordan Staal wins face-off versus Nazem Kadri in Devils zone.
18:41 of 3rd period - Slapshot by Logan Shaw.
18:41 of 3rd period - Shot Misses the Net.
18:43 of 3rd period - Wrist shot by Brayden Point.
18:43 of 3rd period - Stopped by Igor Shesterkin with a rebound.
18:59 of 3rd period - Sabres, Igor Shesterkin is pulled from the net.
19:35 of 3rd period - Snap shot by Artemi Panarin.
19:35 of 3rd period - Shot Misses the Net.
19:37 of 3rd period - Snap shot by Mika Zibanejad.
19:37 of 3rd period - Shot Misses the Net.
19:39 of 3rd period - Snap shot by Artemi Panarin.
19:39 of 3rd period - Stopped by Jonathan Quick with a rebound.
19:41 of 3rd period - Snap shot by Cal Clutterbuck.
19:41 of 3rd period - Stopped by Jonathan Quick with a rebound.
19:43 of 3rd period - Snap shot by Cal Clutterbuck.
19:43 of 3rd period - Stopped by Jonathan Quick without a rebound.
19:44 of 3rd period - Mike Keenan call a timeout for Sabres.
19:44 of 3rd period - Mika Zibanejad wins face-off versus Nazem Kadri in Devils zone.
19:51 of 3rd period - Snap shot by Nazem Kadri.
19:51 of 3rd period - Goal by Nazem Kadri - Devils : 5 - Sabres : 3.
19:51 of 3rd period - Igor Shesterkin from Sabres was sent back in the game.
19:52 of 3rd period - Sam Bennett wins face-off versus Mika Zibanejad in neutral zone.
Goals for this period are 2 for Devils vs 1 for Sabres.
Shots for this period are 13 for Devils vs 11 for Sabres.